 Dungeon Crawl Stone Soup version 0.30.1-4-g462c640d31 (webtiles) character file.

Game seed: 8228163346954134958

1646251 Oddbjorg the Blood Saint (level 27, 306/306 HPs)
             Began as a Demonspawn Gladiator on Aug 16, 2023.
             Was the Champion of Lugonu.
             Escaped with the Orb
             ... and 3 runes on Aug 17, 2023!
             The game lasted 05:52:25 (77972 turns).

Oddbjorg the Blood Saint (Demonspawn Gladiator)    Turns: 77972, Time: 05:52:25

Health: 306/306    AC: 53    Str: 24    XL:     27
Magic:  40/40      EV:  7    Int: 17    God:    Lugonu [******]
Gold:   9070       SH: 26    Dex: 14    Spells: 25/26 levels left

rFire   + + .        a - +9 demon whip (distort)
rCold   + . .        Z - +2 tower shield
rNeg    . . .        B - +12 gold dragon scales
rPois   +            (helmet unavailable)
rElec   +            d - +2 cloak {rCorr}
rCorr   +            F - +2 pair of gloves {infuse}
SInv    .            R - +2 pair of boots of the Skies Above {rElec Regen+}
Will    +++..        V - amulet of reflection Stlth
                     v - ring of protection from fire
HPRegen 1.51/turn    M - ring of willpower
MPRegen 0.27/turn

%: reflection, clarity, infuse magic (1 MP)
@: studying 2 skills
A: horns 3, slimy green scales 3, demonic guardian 3, ignite blood 3, robust 3,
clarity, clever 1, deterioration 1, sense surroundings 1, screaming 1
0: Orb of Zot
}: 3/15 runes: decaying, abyssal, gossamer
a: Renounce Religion, Depart the Abyss, Banish, Corrupt, Enter the Abyss


You escaped.
You worshipped Lugonu.
Lugonu was exalted by your worship.
You visited 12 branches of the dungeon, and saw 51 of its levels.
You visited the Abyss 1 time.
You also visited: Ice Cave.

You collected 10170 gold pieces.
You spent 1100 gold pieces at shops.

Inventory:

Hand Weapons
 a - a +9 demon whip of distortion (weapon)
 b - a +7 vampiric demon whip
Missiles
 f - 72 poisoned darts (quivered)
 g - 16 curare-tipped darts
 u - 4 silver javelins
 Y - 3 throwing nets
Armour
 d - a +2 cloak of preservation (worn)
 B - +12 gold dragon scales (worn)
 F - a +2 pair of gloves of infusion (worn)
 R - the +2 pair of boots of the Skies Above (worn) {rElec Regen+}
   (You bought it in a shop on level 2 of the Orcish Mines)

   rElec:     It insulates you from electricity.
   Regen:     It increases your rate of health regeneration.
 Z - a +2 tower shield (worn)
Magical Staves
 G - the staff of fire "Emnick" {rElec rF+ SInv Stlth+}
   (You found it on level 3 of the Elven Halls)

   [staff of fire]

   Base accuracy: +5 Base damage: 5 Base attack delay: 1.2 This weapon's minimum
   attack delay (0.6) is reached at skill level 12.
   rF:        It protects you from fire.
   rElec:     It insulates you from electricity.
   SInv:      It lets you see invisible.
   Stlth:     It makes you more stealthy.
   It falls into the 'Staves' category.
   It is a one-handed weapon.
Jewellery
 c - a ring of flight
 i - an amulet of regeneration
 p - a ring of positive energy
 t - the ring "Gaqataev" {Ice Str+2 Stlth+}
   (You took it off Josephina on level 4 of the Realm of Zot)

   [ring of ice]

   It enhances your ice magic.
   Str:       It affects your strength (+2).
   rF:        It makes you vulnerable to fire.
   rC:        It protects you from cold.
   Stlth:     It makes you more stealthy.
 v - a ring of protection from fire (left hand)
 H - a ring of resist corrosion
 L - a ring of protection from fire
 M - a ring of willpower (right hand)
 U - a ring of ice
 V - an amulet of reflection (around neck)
Wands
 e - a wand of digging (23)
 q - a wand of roots (66)
 S - a wand of quicksilver (6)
Scrolls
 h - 3 scrolls of fear
 k - 5 scrolls of silence
 m - 2 scrolls of blinking
 r - 19 scrolls of teleportation
 s - 10 scrolls of poison
 y - 11 scrolls of immolation
 E - 7 scrolls of magic mapping
 N - 2 scrolls of fog
Potions
 j - 5 potions of cancellation
 l - 22 potions of curing
 n - 3 potions of invisibility
 o - 4 potions of magic
 w - 9 potions of flight
 x - 10 potions of attraction
 z - 9 potions of brilliance
 A - 3 potions of mutation
 C - 2 potions of might
 J - 3 potions of berserk rage
 P - a potion of haste
 T - a potion of heal wounds
 W - 5 potions of ambrosia
Miscellaneous
 D - a tin of tremorstones (2/2)
 O - a box of beasts (inert)
 Q - a phial of floods
 X - a phantom mirror


   Skills:
 + Level 23.5 Fighting
 + Level 24.1 Maces & Flails
 - Level 2.0 Throwing
 + Level 24.0 Armour
 - Level 2.7 Dodging
 + Level 15.0 Shields
 O Level 27 Invocations
 - Level 13.0 Evocations


You had 25 spell levels left.
You knew the following spells:

 Your Spells              Type           Power      Damage    Failure   Level
n - Apportation           Tloc           0%         N/A       99%         1

Your spell library contained the following spells:

 Spells                   Type           Power      Damage    Failure   Level
 Beastly Appendage        Tmut           0%         N/A       99%         1
 Foxfire                  Conj/Fire      0%         2x1d4     99%         1
 Kiss of Death            Conj/Necr      0%         2d5       99%         1
 Necrotise                Necr           0%         1d4       99%         1
 Sting                    Tmut/Pois      0%         1d3       99%         1
 Summon Small Mammal      Summ           0%         N/A       99%         1
 Blink                    Tloc           0%         N/A       100%        2
 Ensorcelled Hibernation  Hex/Ice        0%         N/A       100%        2
 Lesser Beckoning         Tloc           0%         N/A       100%        2
 Momentum Strike          Conj/Tloc      0%         3d8       100%        2
 Passwall                 Tmut/Erth      0%         N/A       100%        2
 Wereblood                Tmut           0%         N/A       100%        2
 Confusing Touch          Hex            0%         N/A       100%        3
 Dazzling Flash           Conj/Hex       0%         N/A       100%        3
 Frozen Ramparts          Ice            0%         1d1       100%        3
 Gell's Gravitas          Tloc           0%         N/A       100%        3
 Inner Flame              Hex/Fire       0%         N/A       100%        3
 Spider Form              Tmut/Pois      0%         N/A       100%        3
 Swiftness                Air            0%         N/A       100%        3
 Teleport Other           Tloc           0%         N/A       100%        3
 Volatile Blastmotes      Fire/Tloc      0%         2d10      100%        3
 Airstrike                Air            0%         2d(0-16)  100%        4
 Animate Armour           Summ/Erth      0%         N/A       100%        4
 Animate Dead             Necr           0%         N/A       100%        4
 Cause Fear               Hex            0%         N/A       100%        4
 Dispel Undead            Necr           0%         3d6       100%        4
 Flame Wave               Conj/Fire      0%         2d4       100%        4
 Fulminant Prism          Conj/Hex       0%         3d5       100%        4
 Ice Form                 Ice/Tmut       0%         N/A       100%        4
 Iskenderun's Mystic Bla  Conj/Tloc      0%         2d3       100%        4
 Passage of Golubria      Tloc           0%         N/A       100%        4
 Sticky Flame             Conj/Fire      0%         2d3       100%        4
 Summon Ice Beast         Ice/Summ       0%         N/A       100%        4
 Summon Lightning Spire   Summ/Air       0%         N/A       100%        4
 Blade Hands              Tmut           0%         N/A       100%        5
 Borgnjor's Vile Clutch   Necr/Erth      0%         N/A       100%        5
 Fireball                 Conj/Fire      0%         3d3       100%        5
 Irradiate                Conj/Tmut      0%         3d11      100%        5
 Iskenderun's Battlesphe  Conj           0%         2d6       100%        5
 Lee's Rapid Deconstruct  Erth           0%         3d4*      100%        5
 Silence                  Hex/Air        0%         N/A       100%        5
 Summon Forest            Summ/Tloc      0%         N/A       100%        5
 Summon Mana Viper        Hex/Summ       0%         N/A       100%        5
 Death Channel            Necr           0%         N/A       100%        6
 Eringya's Noxious Bog    Tmut/Pois      0%         N/A       100%        6
 Iron Shot                Conj/Erth      0%         9d1       100%        6
 Plasma Beam              Fire/Air       0%         2x1d11    100%        6
 Starburst                Conj/Fire      0%         6d3       100%        6
 Statue Form              Tmut/Erth      0%         N/A       100%        6
 Summon Cactus Giant      Summ           0%         N/A       100%        6
 Dragon Form              Tmut           0%         N/A       100%        7
 Enfeeble                 Hex            0%         N/A       100%        7
 Haunt                    Necr/Summ      0%         N/A       100%        7
 Spellforged Servitor     Conj/Summ      0%         N/A       100%        7
 Borgnjor's Revivificati  Necr           0%         N/A       100%        8
 Infestation              Necr           0%         N/A       100%        8
 Lehudib's Crystal Spear  Conj/Erth      0%         10d2      100%        8
 Necromutation            Tmut/Necr      0%         N/A       100%        8
 Chain Lightning          Conj/Air       0%         N/A       100%        9
 Death's Door             Necr           0%         N/A       100%        9
 Dragon's Call            Summ           0%         N/A       100%        9
 Fire Storm               Conj/Fire      0%         5d1       100%        9
 Shatter                  Erth           0%         3d5*      100%        9


Dungeon Overview and Level Annotations

Branches:
Dungeon (15/15)            Temple (1/1) D:5            Lair (5/5) D:8
  Swamp (4/4) Lair:2       Spider (4/4) Lair:3        Slime (1/5) Lair:4
    Orc (2/2) D:11            Elf (3/3) Orc:2        Vaults (4/5) D:14
  Crypt (3/3) Vaults:2       Tomb (0/3) Crypt:3      Depths (4/4) D:15
    Zot (5/5) Depths:4      IceCv (visited)

Altars:
Ashenzari
Cheibriados
Dithmenos
Fedhas
Gozag
Hepliaklqana
Kikubaaqudgha
Makhleb
Nemelex Xobeh
Okawaru
Qazlal
Ru
Sif Muna
Trog
Uskayaw
Vehumet
Wu Jian
Xom
Yredelemnul
Jiyva
Lugonu

Shops:
D:1 [   D:3 (   D:8 :   Orc:2 :*[(   Elf:1 [   Elf:2 (   Vaults:2 (
Vaults:3 :   Zot:2 *   Depths:2 :   Depths:4 (

Portals:
Hell: Depths:1 Depths:2 Depths:3 Depths:4
Abyss: Depths:1 Depths:3
Pandemonium: Depths:2
Ziggurat: Depths:3
Trove: Elf:1 (give 8 potions of haste)

Annotations:
D:14 2 runed translucent doors
Vaults:3 3 runed translucent doors, Lianjan's ghost, adept GnWr
Abyss:1 Vv


Innate Abilities, Weirdness & Mutations

You have a pair of large horns on your head.
You are completely covered in slimy green scales. (AC +4, rPois)
A powerful demonic guardian rushes to your aid.
Your demonic aura causes all spilled blood to erupt in flames.
You are extremely robust. (+30% HP)
You possess an exceptional clarity of mind.
Your mind is acute. (Int +4, Str/Dex -1)
Your body sometimes deteriorates upon taking damage.
You passively map a small area around you.
You occasionally shout uncontrollably at your foes.


Message History

(D) Dungeon (T) Temple (L) Lair (S) Swamp (N) Spider Nest (M) Slime Pits (O) Orcish Mines (E) Elven Halls (V) Vaults (C) Crypt (W) Tomb (U) Depths (H) Hell (Z) Zot
Where to? (Enter - D:1 @ (x,y), ? - help)
You feel yourself slow down.
An Orb Guardian comes into view.
You hit the Orb Guardian.
Space warps around the Orb Guardian.
You headbutt the Orb Guardian, but do no damage.
The Orb Guardian is lightly wounded.
You block the Orb Guardian's attack.
You whack the Orb Guardian!
The Orb Guardian is lightly wounded.
The Orb Guardian blinks!
You block the Orb Guardian's attack.
You barely miss the Orb Guardian.
The Orb Guardian is lightly wounded.
The Orb Guardian hits you.
You thrash the Orb Guardian!!
Space warps horribly around the Orb Guardian!!
Your headbutt misses the Orb Guardian.
The Orb Guardian is severely wounded.
The Orb Guardian hits you but does no damage.
You whack the Orb Guardian!
Space warps around the Orb Guardian.
You headbutt the Orb Guardian.
You kill the Orb Guardian!
Lugonu accepts your kill.
No target in view!
(D) Dungeon (T) Temple (L) Lair (S) Swamp (N) Spider Nest (M) Slime Pits (O) Orcish Mines (E) Elven Halls (V) Vaults (C) Crypt (W) Tomb (U) Depths (H) Hell (Z) Zot
Where to? (Enter - D:1 @ (x,y), ? - help) HP restored.
Magic restored.
There is a stone staircase leading up here.
You climb upwards.
There is a stone staircase leading down here.
There is a staircase leading out of the dungeon here.
You have escaped!

##############
#≈≈≈≈≈≈≈≈≈≈≈≈≈≈≈≈
#≈~~~~~~≈≈≈≈≈≈≈≈≈
#≈~...~~≈~~≈≈≈≈≈≈
#~.~~~.~.~~≈≈≈≈≈≈
#.....~~~~.≈≈≈≈≈≈
##......~~~~≈~≈≈≈#
#..8....~~~~≈≈≈≈#
##...8...@~.~~~≈≈#
#..........~~~~~≈#
#..8........~~~~≈#
##...........~.~≈≈#
#...............~≈#
###..............~≈≈#
#...............~~≈≈#
#.......8.......~~~≈#
#...........###.~≈~≈#


There were no monsters in sight!

Vanquished Creatures
  3 dread liches (Zot:5)
  4 orbs of fire
  2 ancient liches (Zot:5)
  Mara (Spider:3)
  2 juggernauts (Depths:2)
  The ghost of Muataran the Slayer, a veteran MiMo of Yredelemnul (Zot:4)
  Josephina (Zot:4)
  6 Killer Klowns
  6 curse toes
  5 caustic shrikes
  Saint Roka (Depths:4)
  13 golden dragons
  Arachne (Spider:2)
  A shard shrike zombie (Crypt:3)
  3 electric golems
  2 bone dragons
  12 tentacled monstrosities
  A walking earthen tome (Depths:2)
  2 hellephants (Abyss:3)
  An acid blob (Zot:4)
  4 deep elf blademasters
  5 liches
  3 quicksilver dragons
  A deep elf master archer (Elf:3)
  25 Orb Guardians
  Frances (Abyss:3)
  4 tentacled starspawn
  3 sphinxes
  10 death cobs
  3 shadow dragons
  8 storm dragons
  6 ancient champions
  Agnes (Elf:2)
  Kirke (Elf:1)
  2 thorn hunters (Swamp:4)
  7 draconian monks
  2 tengu reavers (Depths:3)
  A fenstrider witch (Swamp:3)
  2 rockslimes (Zot:4)
  12 fire giants
  2 revenants (Crypt:3)
  6 emperor scorpions
  3 draconian knights
  8 frost giants
  11 deep elf sorcerers
  2 azure jellies (Zot:4)
  2 balrugs (Zot:4)
  7 draconian scorchers
  10 ghost moths
  4 iron dragons
  3 deep elf elementalists (Elf:3)
  6 vault wardens
  A broodmother (Spider:3)
  A caustic shrike zombie (Depths:3)
  9 draconian shifters
  A demonspawn corrupter (Zot:4)
  2 reapers
  14 ironbound preservers
  4 curse skulls
  2 orc warlords
  5 draconian annihilators
  A war gargoyle (Vaults:3)
  4 draconian stormcallers
  4 ghouls
  An ophan (Abyss:3)
  7 spriggan defenders
  A quicksilver ooze (Zot:4)
  13 very ugly things
  An ironbound thunderhulk (Vaults:1)
  13 green draconians
  Nessos (D:13)
  14 stone giants
  15 black draconians
  5 vampire knights
  14 white draconians
  2 eleionomae
  6 purple draconians
  6 deep elf annihilators
  8 deep elf demonologists
  15 dire elephants
  13 spark wasps
  14 red draconians
  3 bunyips
  9 yellow draconians
  6 deep elf death magi
  4 eidola
  A quicksilver dragon zombie (Crypt:2)
  3 crystal guardians (Vaults:2)
  10 ettins
  Snorg (Abyss:2)
  A merfolk impaler (Depths:3)
  3 shambling mangroves
  16 jiangshi
  14 fire dragons
  6 yaktaur captains
  4 deep elf high priests (Elf:3)
  6 entropy weavers
  9 vault guards
  13 hydras
  3 jorogumos
  2 quicksilver dragon skeletons
  6 great orbs of eyes
  A hell beast (Depths:2)
  4 spriggan air magi
  2 peacekeepers
  2 spriggan skeletons
  6 ironbound frosthearts
  5 rakshasas
  9 ice dragons
  9 boulder beetles
  A fenstrider witch skeleton (Crypt:1)
  10 centaur warriors
  2 death knights
  31 dancing weapons
  16 alligators
  2 tengu warriors
  3 deep troll shamans
  8 two-headed ogres
  6 death scarabs (Spider:4)
  2 deep troll earth magi (Depths:1)
  13 death yaks
  Urug (Abyss:3)
  2 orc high priests (Orc:1)
  9 vampire magi
  2 hell knights
  5 thrashing horrors (Abyss:3)
  2 sun demons
  An emperor scorpion zombie (Crypt:2)
  A soul eater (Crypt:3)
  26 deep elf knights
  A titan skeleton (Crypt:3)
  Sonja (Lair:5)
  A shadow wraith (Crypt:3)
  3 spriggan berserkers
  3 pharaoh ants (Spider:4)
  4 goliath frogs
  3 wretched stars
  44 skeletal warriors
  6 iron trolls
  2 skysharks
  3 bog bodies
  3 glowing orange brains
  5 spriggan druids
  5 orb spiders
  2 spriggan riders
  2 shadow demons
  65 deep trolls
  An obsidian statue (Zot:5)
  2 spectral hydras (Swamp:4)
  6 lindwurms
  9 swamp dragons
  5 flayed ghosts
  7 harpies
  8 necromancers
  10 orc knights
  An orange crystal statue (Depths:1)
  11 deep elf archers
  A spectral wolf spider (Spider:4)
  An anaconda skeleton (Crypt:3)
  8 wizards
  A wolf spider zombie (Spider:4)
  23 deep elf zephyrmancers
  13 ironbound convokers
  2 broodmother zombies
  10 phantasmal warriors
  11 steelbarb worms
  A fire giant zombie (Depths:2)
  A steelbarb worm (shapeshifter) (Depths:3)
  24 deep elf pyromancers
  18 wolf spiders
  A frost giant zombie (Depths:3)
  3 oklob plants (Swamp:4)
  2 tengu skeletons
  2 cyclopes
  3 worldbinders
  A jorogumo skeleton (Crypt:1)
  26 moths of wrath
  5 will-o-the-wisps
  44 ugly things
  5 orc sorcerers
  5 black mambas
  An elf zombie (Vaults:2)
  2 stone giant skeletons (Crypt:3)
  17 vault sentinels
  A centaur zombie (Crypt:2)
  15 elephants
  A manticore (D:9)
  A fire giant skeleton (Crypt:1)
  A frost giant skeleton (Depths:2)
  2 eyes of devastation (Zot:4)
  2 ice statues (IceCv)
  2 gargoyles
  3 smoke demons
  9 torpor snails
  7 demonic crawlers
  An orange demon (Abyss:3)
  13 cane toads
  An apocalypse crab (Abyss:3)
  A storm dragon simulacrum (Zot:4)
  5 rime drakes
  4 spectral redbacks (Spider:4)
  An alligator snapping turtle skeleton (Crypt:3)
  6 centaur skeletons
  15 komodo dragons
  5 kobold demonologists
  29 yaktaurs
  5 freezing wraiths
  2 harpy zombies (Crypt:1)
  3 anaconda simulacra (IceCv)
  A silent spectre (Abyss:3)
  2 golden dragon simulacra
  A bloated husk (Swamp:3)
  4 ice devils
  4 meliai
  An elf skeleton (Vaults:3)
  A green draconian skeleton (Crypt:1)
  24 hornets
  4 ancient zymes (Abyss:3)
  A guardian mummy (Zot:3)
  A queen bee (shapeshifter) (Elf:1)
  A red devil (Depths:2)
  A meliai (shapeshifter) (D:15)
  9 tyrant leeches
  A hydra zombie (Swamp:4)
  7 trolls
  A catoblepas skeleton (Crypt:3)
  4 death drake zombies (Swamp:4)
  A death yak skeleton (Crypt:3)
  34 tarantellas
  A polar bear (Lair:5)
  2 spectral jumping spiders (Spider:4)
  A spectral culicivora (Spider:4)
  A tarantella zombie (Spider:4)
  12 large abominations
  8 raiju (Abyss:3)
  5 spectral tarantellas (Spider:4)
  2 death drake skeletons (Swamp:4)
  A harpy skeleton (Crypt:3)
  8 dream sheep
  A jumping spider zombie (Spider:4)
  23 blink frogs
  A shadow dragon simulacrum (Zot:4)
  A stone giant simulacrum (Crypt:1)
  39 slime creatures
  24 culicivoras
  5 air elementals
  A draconian simulacrum (Zot:4)
  A fire giant simulacrum (Depths:3)
  31 jumping spiders
  3 ettin skeletons (Abyss:3)
  8 flying skulls (Crypt:3)
  A hydra skeleton (Crypt:3)
  26 spriggans
  A shadow (D:11)
  12 wraiths
  5 basilisks
  3 water elementals
  A naga simulacrum (Crypt:2)
  A satyr skeleton (Crypt:3)
  A vampire (D:10)
  4 wyverns
  An elf simulacrum (Vaults:3)
  42 yaks
  3 ynoxinuls (Abyss:3)
  9 golden eyes
  7 starcursed masses (Abyss:3)
  6 vampire mosquitoes
  2 steam dragons
  4 hogs (Elf:1)
  76 redbacks
  A basilisk (shapeshifter) (Abyss:3)
  3 chaos spawn
  7 fire elementals
  A naga zombie (Abyss:1)
  A neqoxec (Abyss:3)
  5 wargs
  5 harpy simulacra (IceCv)
  Menkaure (D:6)
  A two-headed ogre zombie (D:11)
  A skyshark zombie (Crypt:2)
  5 hydra simulacra
  3 acid dragons
  15 swamp worms
  A glowing shapeshifter zombie (Crypt:2)
  A hell hound (Abyss:3)
  14 water moccasins
  A human skeleton (Depths:2)
  3 swamp drakes (Swamp:4)
  3 glowing shapeshifter skeletons
  A floating eye (Abyss:3)
  A sky beast (D:7)
  An ice beast (D:5)
  A hornet zombie (Crypt:3)
  23 orc warriors
  3 swamp dragon zombies (Swamp:4)
  6 black bears
  9 boggarts
  25 wolves
  9 ogres
  18 centaurs
  A swamp dragon skeleton (Swamp:4)
  A phantom (D:11)
  8 kobold brigands
  2 necrophages
  15 bullfrogs
  A scorpion (shapeshifter) (Depths:2)
  2 earth elementals
  2 gnoll sergeants
  6 scorpions
  4 wights (D:4)
  5 small abominations
  4 troll zombies (D:11)
  2 human simulacra
  8 killer bees
  A raiju skeleton (Crypt:2)
  4 electric eels
  3 howler monkeys
  4 human zombies
  A jelly (D:8)
  Crazy Yiuf (D:2)
  A black bear skeleton (Crypt:2)
  12 orc priests
  2 basilisk skeletons
  4 hounds
  A sleepcap (D:6)
  5 iguanas
  24 orc wizards
  A scorpion zombie (D:4)
  A polar bear simulacrum (IceCv)
  A spriggan simulacrum (IceCv)
  A sky beast zombie (Crypt:3)
  3 ogre zombies (D:11)
  2 hound zombies (D:4)
  2 mummies
  11 gnolls
  8 adders
  2 shadow imps
  A white imp (IceCv)
  4 ufetubi
  3 adder zombies (D:4)
  An iguana zombie (Crypt:1)
  An adder skeleton (Crypt:1)
  A lava snake skeleton (Crypt:3)
  3 worms
  3 dart slugs
  40 orcs
  A bat skeleton (Crypt:1)
  7 endoplasms
  7 giant cockroaches
  7 goblins
  9 hobgoblins
  3 jackals (D:1)
  39 kobolds
  8 quokkas
  8 ball pythons
  13 bats
  2 frilled lizards (D:2)
  A frilled lizard skeleton (Crypt:3)
  2 goblin skeletons (D:11)
  A goblin zombie (D:11)
  A hobgoblin skeleton (Crypt:2)
  5 hobgoblin zombies (D:11)
  4 orc skeletons (D:11)
  13 orc zombies (D:11)
  9 rats
  2 lurking horrors (Abyss:3)
  4 starspawn tentacles
2325 creatures vanquished.

Vanquished Creatures (collateral kills)
  An ancient lich (Crypt:3)
  An orb of fire (Zot:4)
  A juggernaut (Depths:3)
  A golden dragon (Depths:2)
  A bone dragon (Depths:4)
  A tentacled monstrosity (Zot:4)
  An Orb Guardian (Zot:5)
  A sphinx (Vaults:3)
  Gastronok (D:10)
  A shadow dragon (Zot:4)
  2 vault wardens (Vaults:4)
  A fire giant (Zot:4)
  2 deep elf elementalists (Elf:3)
  A draconian shifter (Abyss:3)
  An orc warlord (Vaults:1)
  2 draconian annihilators (Zot:5)
  2 very ugly things
  An ironbound preserver (Vaults:2)
  2 vampire knights
  An eleionoma (Swamp:4)
  2 yellow draconians
  A black draconian (Zot:5)
  A dire elephant (Vaults:3)
  A deep elf annihilator (Elf:3)
  2 eidola (Vaults:1)
  A crystal guardian (Vaults:2)
  A deep elf death mage (Elf:3)
  2 fire dragons
  A shambling mangrove (Swamp:4)
  A deep elf high priest (Vaults:4)
  A hydra (Swamp:4)
  2 peacekeepers (Vaults:2)
  An ice dragon (Depths:4)
  A spriggan air mage (Depths:2)
  An ironbound frostheart (Vaults:1)
  An alligator (Swamp:3)
  A death knight (Crypt:2)
  A radroach (Spider:4)
  2 tengu warriors
  2 two-headed ogres
  A death yak (Lair:3)
  A deep troll earth mage (Depths:4)
  A dancing weapon (Elf:3)
  A thrashing horror (Abyss:3)
  A vampire mage (Depths:3)
  A wretched star (Abyss:3)
  A deep elf knight (Elf:2)
  A goliath frog (Swamp:3)
  A skeletal warrior (Abyss:1)
  3 pharaoh ants
  A spriggan druid (Swamp:4)
  3 deep trolls (Vaults:2)
  3 lindwurms (Vaults:2)
  An ironbound convoker (Vaults:2)
  2 steelbarb worms
  An orc knight (Vaults:1)
  2 deep elf pyromancers (Elf:2)
  An orc sorcerer (Orc:2)
  4 ugly things
  A wolf spider (Spider:4)
  A cyclops (D:15)
  An elephant (Abyss:3)
  A will-o-the-wisp (Swamp:3)
  2 vault sentinels
  A torpor snail (Spider:4)
  A cane toad (Lair:5)
  An orc skeleton (Crypt:3)
  4 yaktaurs (Vaults:4)
  2 ice devils (IceCv)
  2 meliai (D:15)
  A harpy zombie (Abyss:3)
  3 tyrant leeches
  3 hornets (Swamp:4)
  A tarantella (Spider:1)
  A large abomination (Abyss:3)
  3 jumping spiders
  A vampire (Abyss:3)
  2 redbacks
  A hydra simulacrum (IceCv)
  A floating eye (Depths:2)
  A swamp drake (Swamp:4)
  2 orc warriors
  A kobold brigand (D:10)
  A small abomination (Abyss:3)
  2 orc priests (Orc:1)
  An orc wizard (D:9)
  2 orcs
  A kobold (D:10)
  A starspawn tentacle (Abyss:3)
127 creatures vanquished.

Vanquished Creatures (others)
  A shard shrike skeleton (Abyss:3)
  A fire giant (Zot:4)
  A very ugly thing (Depths:3)
  An ice dragon (Depths:3)
  2 deep elf knights (Elf:2)
  A spriggan druid (Swamp:3)
  A deep elf pyromancer (Elf:1)
  A smoke demon (D:5)
  A bloated husk (Swamp:2)
  A hornet (Swamp:3)
  An air elemental (Elf:2)
  A hog (Elf:1)
  An electric eel (Lair:5)
  2 orcs (Orc:1)
  A ball lightning (D:5)
  20 foxfires
  9 starspawn tentacles
46 creatures vanquished.

Grand Total: 2498 creatures vanquished

Notes
Turn   | Place    | Note
-------+----------+-------------------------------------------
     0 | D:1      | Oddbjorg the Demonspawn Gladiator began the quest for the
                  | Orb.
     0 | D:1      | Reached XP level 1. HP: 16/16 MP: 1/1
   158 | D:1      | Gained mutation: You have a pair of small horns on your
                  | head. [demonic ancestry]
   158 | D:1      | Reached XP level 2. HP: 22/22 MP: 2/2
   160 | D:1      | Found a faded altar of an unknown god.
   289 | D:1      | Reached skill level 1 in Armour
   319 | D:1      | Found Zehekim's Antique Armour Boutique.
   507 | D:1      | Gained mutation: Your demonic aura sometimes causes spilled
                  | blood to erupt in flames. [demonic ancestry]
   507 | D:1      | Reached XP level 3. HP: 27/28 MP: 3/3
   929 | D:2      | Gained mutation: You have a pair of horns on your head.
                  | [demonic ancestry]
   929 | D:2      | Reached XP level 4. HP: 24/34 MP: 4/4
  1476 | D:2      | Found a runed translucent door.
  1477 | D:2      | Noticed Crazy Yiuf
  1606 | D:3      | Found Rulal's Weapon Shoppe.
  1820 | D:3      | Reached XP level 5. HP: 34/41 MP: 5/5
  1895 | D:3      | You fall into a shaft and drop 3 floors!
  1903 | D:6      | Noticed Menkaure
  1918 | D:6      | Killed Menkaure
  1919 | D:6      | Gained mutation: You are partially covered in slimy green
                  | scales. (AC +2) [demonic ancestry]
  1919 | D:6      | Reached XP level 6. HP: 44/48 MP: 6/6
  2076 | D:6      | Identified the +0 robe "Weipedug" {rC+ Str+2}
  2144 | D:5      | Entered Level 5 of the Dungeon
  2172 | D:4      | Reached XP level 7. HP: 55/55 MP: 7/7
  2342 | D:3      | Reached skill level 5 in Maces & Flails
  2413 | D:3      | Reached skill level 5 in Fighting
  2712 | D:4      | Found a stormy altar of Qazlal.
  3354 | D:4      | Found an ancient bone altar of Kikubaaqudgha.
  3382 | D:4      | Reached skill level 5 in Armour
  3382 | D:4      | Reached XP level 8. HP: 52/62 MP: 8/8
  3940 | D:5      | Found a staircase to the Ecumenical Temple.
  3949 | Temple   | Entered the Ecumenical Temple
  3983 | Temple   | Became a worshipper of Lugonu the Unformed
  4286 | D:5      | Reached skill level 1 in Invocations
  4509 | D:6      | Reached skill level 2 in Invocations
  4613 | D:6      | Reached skill level 3 in Invocations
  5126 | D:2      | Killed Crazy Yiuf
  5321 | D:7      | Reached skill level 4 in Invocations
  5406 | D:7      | Gained mutation: A weak demonic guardian rushes to your
                  | aid. [demonic ancestry]
  5406 | D:7      | Reached XP level 9. HP: 50/68 MP: 12/12
  5959 | D:7      | Reached skill level 5 in Invocations
  6033 | D:8      | Found a staircase to the Lair.
  6035 | D:8      | Noticed a komodo dragon
  6057 | D:8      | Killed a komodo dragon
  6243 | D:8      | Found a shimmering blue altar of Sif Muna.
  6279 | D:8      | Found Xaewaacyaf's Book Boutique.
  6290 | D:8      | Found a bloodstained altar of Trog.
  6291 | D:8      | Found a burning altar of Makhleb.
  6291 | D:8      | Found an opulent altar of Gozag.
  6433 | D:8      | Reached skill level 6 in Invocations
  6765 | D:8      | Found a snail-covered altar of Cheibriados.
  6844 | D:9      | Found a broken altar of Ashenzari.
  6862 | D:9      | Reached skill level 1 in Shields
  6865 | D:9      | Reached * piety under Lugonu
  7065 | D:9      | Reached skill level 7 in Invocations
  7208 | D:9      | Reached XP level 10. HP: 62/74 MP: 15/15
  7236 | D:9      | Noticed a manticore
  7245 | D:9      | Killed a manticore
  7246 | D:9      | Reached skill level 8 in Invocations
  7305 | D:9      | Reached ** piety under Lugonu
  7540 | D:9      | Noticed a two-headed ogre
  7645 | D:9      | Found an iron altar of Okawaru.
  7861 | D:9      | Reached skill level 9 in Invocations
  7928 | Lair:1   | Entered Level 1 of the Lair of Beasts
  8114 | Lair:1   | Noticed a cane toad
  8122 | Lair:1   | Killed a cane toad
  8221 | Lair:1   | Noticed a cane toad
  8230 | Lair:1   | Killed a cane toad
  8231 | Lair:1   | Gained mutation: You are mostly covered in slimy green
                  | scales. (AC +3) [demonic ancestry]
  8231 | Lair:1   | Reached XP level 11. HP: 79/79 MP: 18/18
  8434 | Lair:1   | Reached skill level 5 in Shields
  8739 | Lair:1   | Noticed Urug
  8744 | Lair:1   | Banished Urug
  8745 | Lair:1   | Reached skill level 10 in Invocations
  9173 | Lair:2   | Found a blossoming altar of Fedhas.
  9240 | Lair:2   | Noticed a boulder beetle
  9241 | Lair:2   | Noticed a death yak
  9591 | Lair:2   | Found a staircase to the Swamp.
  9897 | Lair:2   | Noticed a five-headed hydra
  9905 | Lair:2   | Killed a five-headed hydra
  9906 | Lair:2   | Reached skill level 10 in Maces & Flails
 10052 | Lair:2   | Noticed a skyshark
 10265 | D:9      | Killed a two-headed ogre
 10266 | D:9      | Reached skill level 11 in Invocations
 10422 | D:10     | Entered Level 10 of the Dungeon
 10589 | D:10     | Found a radiant altar of Vehumet.
 10617 | D:10     | Found a hazy altar of Hepliaklqana.
 10743 | D:10     | Reached *** piety under Lugonu
 10843 | D:10     | Found a blossoming altar of Fedhas.
 10901 | D:10     | Reached skill level 10 in Armour
 10901 | D:10     | Gained mutation: Your demonic aura often causes spilled
                  | blood to erupt in flames. [demonic ancestry]
 10901 | D:10     | Reached XP level 12. HP: 80/86 MP: 20/20
 11152 | D:10     | Noticed Gastronok
 11409 | D:10     | Noticed a two-headed ogre
 11422 | D:10     | Killed a two-headed ogre
 11433 | D:10     | Noticed a two-headed ogre
 11441 | D:10     | Killed a two-headed ogre
 11971 | Lair:2   | Noticed a death yak
 11982 | Lair:2   | Killed a death yak
 11983 | Lair:2   | Reached skill level 12 in Invocations
 11989 | Lair:2   | Killed a death yak
 12109 | Lair:2   | Noticed a boulder beetle
 12131 | Lair:2   | Identified the staff of poison "Futuwkisk" {rPois rN+ Will-
                  | rCorr Str+2}
 12136 | Lair:2   | Banished a boulder beetle
 12321 | Lair:2   | Banished a boulder beetle
 13028 | Lair:3   | Reached skill level 13 in Invocations
 13212 | Lair:3   | Gained mutation: A demonic guardian rushes to your aid.
                  | [demonic ancestry]
 13212 | Lair:3   | Reached XP level 13. HP: 57/91 MP: 22/22
 13484 | Lair:3   | Found a hole to the Spider Nest.
 13915 | Lair:3   | Identified the +3 falchion of the Dark Horse {flame, Str+3}
 14263 | Lair:3   | Reached skill level 14 in Invocations
 15859 | Lair:4   | Found a staircase to the Slime Pits.
 16529 | Lair:5   | Entered Level 5 of the Lair of Beasts
 16656 | Lair:5   | Gained mutation: A powerful demonic guardian rushes to your
                  | aid. [demonic ancestry]
 16656 | Lair:5   | Reached XP level 14. HP: 81/98 MP: 25/25
 16674 | Lair:5   | Reached **** piety under Lugonu
 16719 | Lair:5   | Reached skill level 15 in Invocations
 16882 | Lair:5   | Reached skill level 10 in Shields
 17663 | Lair:5   | Identified the +6 plate armour of Salvation {Int+3}
 18060 | Lair:5   | Noticed Sonja
 18065 | Lair:5   | Killed Sonja
 18771 | D:10     | Killed Gastronok
 18828 | D:11     | Found a staircase to the Orcish Mines.
 18876 | D:11     | Reached ***** piety under Lugonu
 19609 | D:11     | Reached skill level 16 in Invocations
 21404 | D:13     | Noticed Nessos
 21423 | D:13     | Killed Nessos
 21424 | D:13     | Reached XP level 15. HP: 56/107 MP: 27/27
 21678 | D:13     | Noticed Frances
 21786 | Orc:1    | Entered Level 1 of the Orcish Mines
 22243 | Orc:2    | Entered Level 2 of the Orcish Mines
 22254 | Orc:2    | Found Woustruub's Antique Weapon Shop.
 22360 | Orc:2    | Found a bloodstained altar of Trog.
 22430 | Orc:1    | Found a frozen archway.
 22439 | IceCv    | Entered an ice cave
 22508 | IceCv    | Reached ****** piety under Lugonu
 23192 | Orc:1    | You fall into a shaft and drop 1 floor!
 23664 | Orc:2    | Paralysed by an orc sorcerer for 3 turns
 24086 | Orc:2    | Noticed Snorg
 24098 | Orc:2    | Banished Snorg
 24171 | Orc:2    | Found Nuvi's Antique Armour Boutique.
 24185 | Orc:2    | Bought a pair of shimmering boots for 256 gold pieces
 24185 | Orc:2    | Identified the +2 pair of boots of the Skies Above {rElec
                  | Regen+} (You bought it in a shop on level 2 of the Orcish
                  | Mines)
 24234 | Orc:2    | Found Wunalouf's General Store.
 24242 | Orc:2    | Bought a phantom mirror for 440 gold pieces
 24242 | Orc:2    | Bought 2 potions of heal wounds for 110 gold pieces
 24291 | Orc:2    | Found Maxzeih's Book Shoppe.
 24311 | Orc:2    | Found a staircase to the Elven Halls.
 24724 | D:13     | Banished Frances
 24725 | D:13     | Reached skill level 1 in Evocations
 25111 | D:14     | Found a gate to the Vaults.
 25139 | D:14     | Reached skill level 17 in Invocations
 25442 | D:14     | Found a runed translucent door.
 25442 | D:14     | Found a runed translucent door.
 25472 | D:14     | Found a runed translucent door.
 25918 | D:15     | Entered Level 15 of the Dungeon
 26568 | D:15     | Gained mutation: You are completely covered in slimy green
                  | scales. (AC +4, rPois) [demonic ancestry]
 26568 | D:15     | Reached XP level 16. HP: 119/119 MP: 28/28
 26798 | D:15     | Found a staircase to the Depths.
 27579 | Swamp:1  | Entered Level 1 of the Swamp
 28075 | Swamp:1  | Reached skill level 18 in Invocations
 29082 | Swamp:3  | Reached skill level 5 in Evocations
 29250 | Swamp:3  | Reached skill level 10 in Fighting
 29751 | Swamp:3  | Identified the +0 leather armour of Lilacs {Harm Rampage
                  | rPois Slay-5}
 30048 | Swamp:4  | Entered Level 4 of the Swamp
 30597 | Swamp:4  | Reached skill level 15 in Maces & Flails
 30612 | Swamp:3  | Reached XP level 17. HP: 100/129 MP: 30/30
 30958 | Swamp:4  | Reached skill level 19 in Invocations
 31427 | Swamp:4  | Reached skill level 15 in Armour
 31475 | Swamp:4  | Found a basalt altar of Yredelemnul.
 31487 | Swamp:4  | Got a decaying rune of Zot
 31511 | Swamp:4  | Found a blossoming altar of Fedhas.
 31868 | Spider:1 | Entered Level 1 of the Spider Nest
 33297 | Spider:2 | Noticed Arachne
 33892 | Spider:2 | Reached skill level 20 in Invocations
 33943 | Spider:2 | Killed Arachne
 34135 | Spider:2 | Reached XP level 18. HP: 140/140 MP: 32/32
 35149 | Spider:3 | Noticed Mara
 35175 | Spider:3 | Killed Mara
 35777 | Lair:1   | Identified a +9 demon whip of distortion (a +7 demon whip
                  | of draining corrupted by Lugonu)
 35777 | Lair:1   | Received a gift from Lugonu
 35992 | Vaults:1 | Entered Level 1 of the Vaults
 36089 | Vaults:1 | Identified the +1 lajatang of Tukhehae {venom, rC- Dex+6}
 36699 | Vaults:1 | Reached skill level 10 in Evocations
 37414 | Vaults:2 | Reached skill level 21 in Invocations
 37615 | Vaults:2 | Gained mutation: You have a pair of large horns on your
                  | head. [demonic ancestry]
 37615 | Vaults:2 | Reached XP level 19. HP: 83/149 MP: 33/33
 37767 | Vaults:2 | Found Xosaolaz's Weapon Emporium.
 38293 | Vaults:2 | You fall into a shaft and drop 1 floor!
 38653 | Vaults:2 | Found a staircase to the Crypt.
 39861 | Vaults:3 | Found a runed translucent gate.
 39861 | Vaults:3 | Found a runed translucent gate.
 39861 | Vaults:3 | Found a runed translucent gate.
 39861 | Vaults:3 | Noticed Lianjan's ghost (adept GnWr)
 39861 | Vaults:3 | Identified the ring "Qastrehyr" {rElec rN+ Str-4 SInv}
 39885 | Vaults:3 | Found Wodiotryad's Book Shoppe.
 39896 | Vaults:3 | Reached skill level 22 in Invocations
 40788 | Vaults:4 | Gained mutation: Your demonic aura causes all spilled blood
                  | to erupt in flames. [demonic ancestry]
 40788 | Vaults:4 | Reached XP level 20. HP: 141/160 MP: 35/35
 41545 | Vaults:4 | Identified the amulet of Moral Flaws {Faith Rampage rPois
                  | Int+3 Dex+6}
 41813 | Vaults:4 | Reached skill level 15 in Fighting
 42082 | Vaults:4 | Reached skill level 23 in Invocations
 42082 | Vaults:4 | Reached XP level 21. HP: 168/168 MP: 36/36
 43094 | Crypt:1  | Entered Level 1 of the Crypt
 43874 | Crypt:1  | Paralysed by something for 5 turns
 44868 | Crypt:2  | Identified the +9 bardiche of Resourcefulness {elec, rF+
                  | Str+3}
 45102 | Crypt:2  | Gained mutation: You are robust. (+10% HP) [demonic
                  | ancestry]
 45102 | Crypt:2  | Reached XP level 22. HP: 154/192 MP: 37/37
 45366 | Crypt:3  | Entered Level 3 of the Crypt
 45382 | Crypt:3  | Identified the +1 robe "Vuar" {+Inv rF+ rN+ Int+2 Dex-4}
 45966 | Crypt:3  | Reached skill level 24 in Invocations
 46047 | Crypt:3  | Found a basalt altar of Yredelemnul.
 46698 | Crypt:3  | Noticed an ancient lich
 46707 | Crypt:3  | Killed an ancient lich
 46717 | Crypt:3  | Identified the +6 dire flail of Foul Odours {flame, rC+ rN+
                  | Will+}
 47253 | Crypt:3  | Found a staircase to the Tomb.
 47742 | Elf:1    | Entered Level 1 of the Elven Halls
 47786 | Elf:1    | Found a portal to a secret trove of treasure.
 47993 | Elf:1    | Found Waem's Armour Boutique.
 47996 | Elf:1    | Bought a +1 cloak of willpower for 264 gold pieces
 48077 | Elf:1    | Noticed Kirke
 48090 | Elf:1    | Killed Kirke
 48802 | Elf:2    | Gained mutation: You are very robust. (+20% HP) [demonic
                  | ancestry]
 48802 | Elf:2    | Reached XP level 23. HP: 171/224 MP: 39/39
 48992 | Elf:2    | Found a stormy altar of Qazlal.
 49000 | Elf:2    | Found Seetal's Weapon Shop.
 49048 | Elf:2    | Reached skill level 25 in Invocations
 49105 | Elf:2    | Found a runed translucent gate.
 49106 | Elf:2    | Found a runed translucent gate.
 49106 | Elf:2    | Found a runed translucent gate.
 49135 | Elf:2    | Noticed Agnes
 49151 | Elf:2    | Killed Agnes
 49654 | Elf:3    | Entered Level 3 of the Elven Halls
 49880 | Elf:3    | Paralysed by an air elemental for 1 turns
 49954 | Elf:3    | Paralysed by an air elemental for 1 turns
 50596 | Elf:3    | Identified the +4 hand axe "Esosma Ucoqe" {flame, Str+3}
 50656 | Elf:3    | Identified the ring "Seofyin" {EV+5 Dex+2}
 50802 | Elf:3    | Identified the +5 ring mail "Nuptuc" {Dex+7}
 50809 | Elf:3    | Identified the staff of fire "Ograqekhla" {*Corrode rPois
                  | rF+ Will++}
 50836 | Elf:3    | Got the Exposition on Hapless Composition
 50837 | Elf:3    | Identified the +7 executioner's axe "Tucuczo" {venom, rCorr
                  | Dex-4 Stlth+}
 50845 | Elf:3    | Identified the amulet of Ivups {+Inv Fly Regen+ Dex-4}
 50850 | Elf:3    | Identified the staff of fire "Emnick" {rElec rF+ SInv
                  | Stlth+}
 50877 | Elf:3    | Identified the +11 sling of the Establishment {flame, rN+}
 50878 | Elf:3    | Identified the +5 shortbow of Igoupee {antimagic, rPois rN+
                  | Str+3}
 51682 | Depths:1 | Entered Level 1 of the Depths
 52732 | Depths:1 | Found a corrupted altar of Lugonu.
 52732 | Depths:1 | Found a one-way gate to the infinite horrors of the Abyss.
 53139 | Depths:1 | Found a gateway to Hell.
 53168 | Depths:1 | Found an iron altar of Okawaru.
 53254 | Depths:1 | Reached skill level 26 in Invocations
 53388 | Depths:2 | Found Vaeduejetaq's Book Emporium.
 53508 | Depths:2 | Reached XP level 24. HP: 215/233 MP: 29/40
 53936 | Depths:2 | Identified the +5 chain mail "Qesotui" {Will+ Dex+2}
 54047 | Depths:2 | Noticed a juggernaut
 54079 | Depths:2 | Killed a juggernaut
 54245 | Depths:2 | Paralysed by a floating eye for 4 turns
 54297 | Depths:2 | Identified the +4 chain mail of Zessyiq {rElec}
 54580 | Depths:2 | Noticed a juggernaut
 54611 | Depths:2 | Killed a juggernaut
 54992 | Depths:2 | Found a one-way gate leading to the halls of Pandemonium.
 55351 | Depths:3 | You fall into a shaft and drop 1 floor!
 55351 | Depths:4 | Entered Level 4 of the Depths
 55636 | Depths:4 | Found Waeloox's Weapon Shoppe.
 55859 | Depths:4 | Noticed Saint Roka
 55888 | Depths:4 | Killed Saint Roka
 56119 | Depths:4 | Noticed Vv
 56153 | Depths:4 | Banished Vv
 56454 | Depths:3 | Noticed a juggernaut
 56494 | Depths:3 | Reached skill level 27 in Invocations
 56497 | Depths:3 | Killed a juggernaut
 57349 | Depths:3 | Found a one-way gateway to a ziggurat.
 57502 | Depths:3 | Gained mutation: You are extremely robust. (+30% HP)
                  | [demonic ancestry]
 57502 | Depths:3 | Reached XP level 25. HP: 230/271 MP: 37/40
 58129 | Spider:4 | Entered Level 4 of the Spider Nest
 59685 | Spider:4 | Identified the scarf of the Known World {repulsion, rElec
                  | rPois rF- rC- SInv}
 59687 | Spider:4 | Got a gossamer rune of Zot
 60848 | Depths:4 | Found a gate to the Realm of Zot.
 61068 | Depths:4 | Learned a level 1 spell: Apportation
 61418 | Slime:1  | Entered Level 1 of the Pits of Slime
 61421 | Slime:1  | Gained mutation: Armour fits poorly on your strangely
                  | shaped body. [a shining eye]
 62845 | Depths:1 | Voluntarily entered the Abyss.
 63115 | Abyss:2  | Killed Snorg
 63255 | Abyss:3  | Found a runed translucent door.
 63395 | Abyss:3  | Found a runed translucent door.
 63621 | Abyss:3  | Found a corrupted altar of Lugonu.
 63795 | Abyss:3  | Got an abyssal rune of Zot
 63843 | Abyss:3  | Killed Frances
 63891 | Abyss:3  | Killed Urug
 63977 | Abyss:3  | Reached XP level 26. HP: 247/288 MP: 1/40
 64153 | Depths:1 | Escaped the Abyss
 64364 | Zot:1    | Entered Level 1 of the Realm of Zot
 66797 | Zot:2    | Found Loac's CLEARANCE SALE!.
 66803 | Zot:2    | Bought a scroll of enchant armour for 30 gold pieces
 68160 | Zot:3    | Identified the +1 ring mail of the Moon Troll {Regen+ Int+6
                  | Slay+2}
 68572 | Zot:3    | Got the Handbook of the Changing Squall
 69362 | Zot:4    | Found a runed translucent gate.
 69362 | Zot:4    | Found a runed translucent gate.
 69362 | Zot:4    | Found a runed translucent gate.
 69512 | Zot:4    | Noticed an orb of fire
 69519 | Zot:4    | Gained mutation: You passively map a small area around you.
                  | [an orb of fire]
 69532 | Zot:4    | Gained mutation: You have hidden genetic potential. [an orb
                  | of fire]
 69534 | Zot:4    | Killed an orb of fire
 69575 | Zot:4    | Found a viscous altar of Jiyva.
 69575 | Zot:4    | Noticed Muataran's ghost (veteran MiMo)
 70867 | Zot:4    | Lost mutation: You have hidden genetic potential. [potion
                  | of mutation]
 70867 | Zot:4    | Lost mutation: Armour fits poorly on your strangely shaped
                  | body. [potion of mutation]
 70867 | Zot:4    | Lost mutation: You passively map a small area around you.
                  | [potion of mutation]
 70867 | Zot:4    | Gained mutation: You are weak. (Str -2) [potion of
                  | mutation]
 71112 | Zot:4    | Reached XP level 27. HP: 300/300 MP: 30/40
 71145 | Zot:4    | Identified the +1 leather armour "Dukhiug" {Will+ Regen+
                  | Dex-4 Slay+2}
 71158 | Zot:4    | Noticed an orb of fire
 71162 | Zot:4    | Gained mutation: Your magical capacity is low. (-10% MP)
                  | [an orb of fire]
 71172 | Zot:4    | Gained mutation: Your body sometimes deteriorates upon
                  | taking damage. [an orb of fire]
 71178 | Zot:4    | Gained mutation: Your magical capacity is very low. (-20%
                  | MP) [an orb of fire]
 71181 | Zot:4    | Gained mutation: Your body often deteriorates upon taking
                  | damage. [an orb of fire]
 71185 | Zot:4    | Killed an orb of fire
 71186 | Zot:4    | Lost mutation: You are weak. (Str -2) [potion of mutation]
 71186 | Zot:4    | Lost mutation: Your body often deteriorates upon taking
                  | damage. [potion of mutation]
 71186 | Zot:4    | Lost mutation: Your magical capacity is very low. (-20% MP)
                  | [potion of mutation]
 71186 | Zot:4    | Gained mutation: You are resistant to electric shocks.
                  | (rElec) [potion of mutation]
 71186 | Zot:4    | Gained mutation: You have large cloven feet. [potion of
                  | mutation]
 71187 | Zot:4    | Lost mutation: Your magical capacity is low. (-10% MP)
                  | [potion of mutation]
 71187 | Zot:4    | Lost mutation: Your body sometimes deteriorates upon taking
                  | damage. [potion of mutation]
 71187 | Zot:4    | Lost mutation: You have large cloven feet. [potion of
                  | mutation]
 71341 | Zot:4    | Identified the staff of poison "Buska" {rPois Str+4 Dex+3}
 71362 | Zot:4    | Identified the +1 falchion "Idghi" {venom, rPois rCorr
                  | Dex-2 Stlth+}
 71624 | Zot:4    | Killed Muataran's ghost
 71654 | Zot:4    | Identified the ring "Gaqataev" {Ice Str+2 Stlth+}
 71654 | Zot:4    | Noticed Josephina
 71703 | Zot:4    | Killed Josephina
 71904 | Zot:4    | Identified the +1 cloak of Ulashiew {*Slow +Inv Str+3}
 71960 | Zot:5    | Entered Level 5 of the Realm of Zot
 74566 | Zot:5    | Noticed a dread lich
 74580 | Zot:5    | Killed a dread lich
 74677 | Zot:5    | Noticed an orb of fire
 74986 | Zot:5    | Noticed an ancient lich
 75001 | Zot:5    | Killed an ancient lich
 75033 | Zot:5    | Gained mutation: You occasionally lose the ability to drink
                  | potions when taking damage. [an orb of fire]
 75038 | Zot:5    | Gained mutation: You do not regenerate when monsters are
                  | visible. [an orb of fire]
 75040 | Zot:5    | Gained mutation: You have large cloven feet. [an orb of
                  | fire]
 75053 | Zot:5    | Lost mutation: You have large cloven feet. [an orb of fire]
 75057 | Zot:5    | Gained mutation: Your spells are a little easier to cast,
                  | but a little less powerful. [an orb of fire]
 75059 | Zot:5    | Killed an orb of fire
 75100 | Zot:5    | Lost mutation: You do not regenerate when monsters are
                  | visible. [potion of mutation]
 75100 | Zot:5    | Lost mutation: You are resistant to electric shocks.
                  | (rElec) [potion of mutation]
 75100 | Zot:5    | Gained mutation: You are weak. (Str -2) [potion of
                  | mutation]
 75100 | Zot:5    | Gained mutation: Your magical capacity is low. (-10% MP)
                  | [potion of mutation]
 75100 | Zot:5    | Lost mutation: Your spells are a little easier to cast, but
                  | a little less powerful. [potion of mutation]
 75100 | Zot:5    | Gained mutation: Your flesh is cold resistant. (rC+)
                  | [potion of mutation]
 75102 | Zot:5    | Lost mutation: You are weak. (Str -2) [potion of mutation]
 75102 | Zot:5    | Lost mutation: Your flesh is cold resistant. (rC+) [potion
                  | of mutation]
 75102 | Zot:5    | Lost mutation: Your magical capacity is low. (-10% MP)
                  | [potion of mutation]
 75102 | Zot:5    | Gained mutation: You have large cloven feet. [potion of
                  | mutation]
 75102 | Zot:5    | Gained mutation: You occasionally shout uncontrollably at
                  | your foes. [potion of mutation]
 75102 | Zot:5    | Gained mutation: You are strong-willed. (Will+) [potion of
                  | mutation]
 75233 | Zot:5    | Noticed a dread lich
 75242 | Zot:5    | Killed a dread lich
 75859 | Lair:1   | Lost mutation: You occasionally shout uncontrollably at
                  | your foes. [potion of mutation]
 75859 | Lair:1   | Lost mutation: You are strong-willed. (Will+) [potion of
                  | mutation]
 75859 | Lair:1   | Gained mutation: You are agile. (Dex +4, Str/Int -1)
                  | [potion of mutation]
 75859 | Lair:1   | Gained mutation: You sometimes lose your temper in combat.
                  | [potion of mutation]
 75859 | Lair:1   | Gained mutation: You have hoof-like feet. [potion of
                  | mutation]
 75860 | Lair:1   | Lost mutation: You have hoof-like feet. [potion of
                  | mutation]
 75860 | Lair:1   | Lost mutation: You sometimes lose your temper in combat.
                  | [potion of mutation]
 75860 | Lair:1   | Lost mutation: You occasionally lose the ability to drink
                  | potions when taking damage. [potion of mutation]
 75860 | Lair:1   | Gained mutation: You occasionally lose the ability to read
                  | scrolls when taking damage. [potion of mutation]
 75860 | Lair:1   | Gained mutation: You are weak. (Str -2) [potion of
                  | mutation]
 75860 | Lair:1   | Gained mutation: You are very agile. (Dex +8, Str/Int -2)
                  | [potion of mutation]
 75861 | Lair:1   | Lost mutation: You occasionally lose the ability to read
                  | scrolls when taking damage. [potion of mutation]
 75861 | Lair:1   | Lost mutation: You have large cloven feet. [potion of
                  | mutation]
 75861 | Lair:1   | Lost mutation: You are very agile. (Dex +8, Str/Int -2)
                  | [potion of mutation]
 75861 | Lair:1   | Gained mutation: Your system is resistant to poisons.
                  | (rPois) [potion of mutation]
 75862 | Lair:1   | Lost mutation: You are weak. (Str -2) [potion of mutation]
 75862 | Lair:1   | Lost mutation: You are agile. (Dex +4, Str/Int -1) [potion
                  | of mutation]
 75862 | Lair:1   | Lost mutation: Your system is resistant to poisons. (rPois)
                  | [potion of mutation]
 75862 | Lair:1   | Gained mutation: You passively map a small area around you.
                  | [potion of mutation]
 75862 | Lair:1   | Gained mutation: Your mind is acute. (Int +4, Str/Dex -1)
                  | [potion of mutation]
 75862 | Lair:1   | Gained mutation: You possess an exceptional clarity of
                  | mind. [potion of mutation]
 76696 | Zot:5    | Noticed an ancient lich
 76809 | Zot:5    | Noticed a dread lich
 76815 | Zot:5    | Noticed an orb of fire
 76851 | Zot:5    | Paralysed by a dread lich for 3 turns
 76859 | Zot:5    | Killed a dread lich
 76956 | Zot:5    | Noticed an orb of fire
 76977 | Zot:5    | Killed an orb of fire
 77036 | Zot:5    | Killed an ancient lich
 77050 | Zot:5    | Gained mutation: Your body sometimes deteriorates upon
                  | taking damage. [an orb of fire]
 77056 | Zot:5    | Gained mutation: You occasionally shout uncontrollably at
                  | your foes. [an orb of fire]
 77057 | Zot:5    | Killed an orb of fire
 77100 | Zot:5    | Reached skill level 15 in Shields
 77330 | Zot:5    | Got the Orb of Zot
 77753 | D:10     | Noticed Kery the pandemonium lord
 77827 | D:5      | Noticed Midusow the pandemonium lord
 77881 | D:3      | Noticed Rireaf the pandemonium lord
 77972 | D:$      | Escaped with the Orb!

Illustrated notes

Levels and vault maps discovered:
D:1:      nicolae_arrival_washed_ashore, layout_rooms, serial_shops, shop,
          shapermc_ecumenical_altar_mp_ritualfount, serial_curves,
          eino_curves_03, eino_curves_01
D:2:      minmay_chambers_of_twos, layout_loops_ring, uniq_crazy_yiuf_cottage
D:3:      layout_rooms, serial_shops, nicolae_shop_hallway_stairs, st_stairs_8
D:4:      layout_basic, mainiacjoe_overflow_boulevard,
          lemuel_mausoleum_altar_kikubaaqudgha,
          mainiacjoe_overflow_six_doors_small
D:5:      layout_basic, minmay_temple_entry_statues_pillars
D:6:      layout_gridville, uniq_menkaure
D:7:      layout_basic
D:8:      layout_basic, chei_slow_surprise, general_overflow_altar,
          chequers_temple_overflow_statue_of_worship, david_lair_shrubbed,
          serial_shops, shop
D:9:      old_forge, layout_basic, mainiacjoe_overflow_alcove_2,
          mainiacjoe_overflow_cross_hatched, serial_curves, eino_curves_04,
          eino_curves_02, minmay_bent
D:10:     layout_long_grid, mainiacjoe_overflow_tiny_flanked,
          nicolae_vehumet_altar_sigil, fedhas_bush_and_centaur_altar,
          hangedman_corner_corridor, uniq_gastronok
D:11:     layout_loops_corners, zombieorc2_lemuel, lemuel_nasty_fountain
D:12:     layout_grid_maze, minmay_puff
D:13:     layout_irregular_city, serial_bayou_crossing, uniq_frances,
          uniq_nessos
D:14:     layout_basic, erik_vaults_2, nicolae_titane, mikee_hates_you
D:15:     grunt_enter_depths_snipers, layout_cave_pods, serial_bayou_shore_b,
          minmay_misc_feat_pillars
Temple:   corrupted_temple
Lair:1:   layout_cave_pods, uniq_urug
Lair:2:   nzn_winding_woodlands_large [nzn_winding_woodlands_hourglass,
          nzn_winding_woodlands_5x15_pockets, nzn_winding_woodlands_5x5_cross,
          nzn_winding_woodlands_center_garden,
          nzn_winding_woodlands_15x15_thick_spiral,
          nzn_winding_woodlands_center_pierced_h,
          nzn_winding_woodlands_5x5_closed_star,
          nzn_winding_woodlands_5x15_default,
          nzn_winding_woodlands_5x5_checkerboard], layout_chaotic_city,
          swamp_mist_pool, basic_altar, small_statue_intersection, wad_woods_03
Lair:3:   beast_lair_carwin_large_2, layout_regular_city,
          hellmonk_spider_entry_life_and_decay
Lair:4:   layout_cave_pods, slime_entry_1, grunt_forest_small_clearing_treed,
          serial_bayou_shore_b, grunt_megastairs_2
Lair:5:   minmay_lair_end_enchanted_forest, layout_cave_pods, minivault_25,
          serial_bayou_shore_a, uniq_sonja
Swamp:1:  layout_falls_marsh, nicolae_swamp_big_swirl
Swamp:2:  layout_basic_swamp, nicolae_swamp_tree_isthmus, swamp_pool4
Swamp:3:  layout_basic_swamp, hangedman_swamp_ruin_wall, swamp_pool2
Swamp:4:  byrel_swamp_growth_death_and_undeath, layout_basic_swamp,
          infiniplex_staircase_pool_2
Spider:1: nicolae_spider_obnoxious_hallway, hellmonk_test_site
Spider:2: layout_spider_delve, nicolae_spider_baby_got_redback, uniq_arachne
Spider:3: layout_spider_delve, uniq_mara
Spider:4: floodkiller_spider_rune_tomb
Slime:1:  layout_caves
Orc:1:    layout_caves, portal_ice_cave_entry_pillars_2, basic_altar
Orc:2:    grunt_orc_gardens, layout_diamond_mine, grunt_orc_garden,
          grunt_orc_garden, grunt_orc_garden, grunt_orc_garden, basic_altar,
          uniq_snorg
Elf:1:    layout_loops_corners, enter_trove_6, serial_shops,
          nicolae_shop_statue_plus, minivault_28, uniq_kirke
Elf:2:    nicolae_elf_blades_crystal_corner, layout_rooms, serial_shops,
          nicolae_lakefront_shop, minivault_4, nicolae_elf_stair_hall,
          nicolae_elf_altarnating, uniq_agnes
Elf:3:    minmay_elf_hall_quartered_circle, layout_geoelf_castle
Vaults:1: nicolae_vaults_mini_display_case, nicolae_vaults_storage_room_water,
          nicolae_vaults_stand_back, hangedman_vaults_maws,
          nicolae_vaults_little_squares_5, layout_vaults_chaotic_city
Vaults:2: ontoclasm_vaults_ring_large, vaults_mumra_hex,
          hangedman_vaults_river_flow, v_misc_22,
          nicolae_vaults_offset_grid_hallway_3, minmay_crypt_entry_simple_round,
          nicolae_vaults_know_your_exits, hangedman_vaults_slice,
          nicolae_vaults_rhombus_5, layout_vaults_omnigrid, serial_shops, shop
Vaults:3: gammafunk_ghost_tricky_traps, nicolae_vaults_little_squares_6,
          hangedman_vaults_slice, hangedman_vaults_stream, v_misc_10,
          nicolae_vaults_closet_pinwheel_4, hangedman_vaults_restitches,
          v_alt_pattern_5, v_misc_23, vaults_room_door_ring, layout_vaults_ring,
          serial_shops, shop
Vaults:4: nicolae_vaults_storage_room_doors, nicolae_vaults_meiosis, v_misc_28,
          hangedman_vaults_stagger, grunt_vaults_funnel,
          nicolae_vaults_fighting_squares, v_misc_11,
          hangedman_vaults_stretched_pinwheel, nicolae_vaults_sealed_display,
          nicolae_vaults_tetromino_Z_1, nicolae_vaults_apartment_1,
          layout_vaults_omnicross
Crypt:1:  layout_regular_city, grunt_megastairs_1
Crypt:2:  layout_misc_corridors, minivault_5
Crypt:3:  church_of_pain_bobbens, layout_chaotic_city
Depths:1: layout_gridville, abyss_entry_flame_altar, pf_hell_entry_great_geh,
          hellmonk_okawaru_the_only_friend_you_need,
          hangedman_abyss_or_decor_stabs, dpeg_stationary_puzzle
Depths:2: hangedman_box_tower, layout_gridville, minmay_tree_intersection,
          serial_shops, nicolae_book_shop_shelving, hangedman_tar_grid_catacomb,
          rand_demon_pan_entry_7, infiniplex_staircase_door_maze
Depths:3: minmay_the_grid_plus [minmay_the_grid_spin_star,
          minmay_the_grid_holed_spiral, minmay_the_grid_zigzag_pyramid,
          minmay_the_grid_medium_cups,
          minmay_the_grid_prize_four_corners_diamond_a], layout_gridlike,
          enter_ziggurat_f, grunt_hell_entry_dis_mu,
          abyss_entry_small_statue_room, infiniplex_staircase_pool_1
Depths:4: grunt_zot_entry_bicorn, layout_gridlike, serial_shops,
          nicolae_shop_bloodbath_and_beyond, serial_sigils,
          serial_sigils_hangedman_scratch, serial_sigils_hangedman_shear,
          serial_sigils_hangedman_quiver, serial_sigils_hangedman_clutch,
          hell_entry, uniq_saint_roka, uniq_vv
Zot:1:    layout_concentric_octagons, st_stairs_8,
          hangedman_zot_decor_checkerboard
Zot:2:    layout_gridlike, nicolae_shop_clearance
Zot:3:    layout_concentric_octagons, hangedman_player_shredder
Zot:4:    minmay_elemental_castle, layout_cellular_growth, gammafunk_ghost_ooze,
          st_stairs_14, grunt_ministairs_9, uniq_josephina
Zot:5:    layout_cathedral_of_symmetry, grunt_ministairs_9, st_stairs_4,
          nicolae_zot_crop_circle

Skill      XL: |  1  2  3  4  5  6  7  8  9 10 11 12 13 14 15 16 17 18 19 20 21 22 23 24 25 26 27 |
---------------+----------------------------------------------------------------------------------+-----
Maces & Flails | 3 4 5 7 8 9 10 11 12 13 14 15 16 17 18 19 20 21 22 23 24 | 24.1
Armour         | 1 2 3 5 6 7 8 10 11 12 13 14 15 16 17 18 19 20 22 23 24 | 24.0
Fighting       | 3 4 5 6 8 10 12 13 14 15 17 18 19 21 22 23 | 23.5
Invocations    | 4 7 9 11 13 14 16 17 18 20 21 22 23 24 26 27 | 27.0
Shields        | 2 4 6 8 9 10 11 13 15 | 15.0
Evocations     | 4 7 8 10 11 12 13 | 13.0
Throwing       | 2 |  2.0
Dodging        | |  2.7

Action                     |  1- 3 |  4- 6 |  7- 9 | 10-12 | 13-15 | 16-18 | 19-21 | 22-24 | 25-27 || total
---------------------------+-------+-------+-------+-------+-------+-------+-------+-------+-------++-------
  Melee: Flail             |   118 |    95 |    73 |       |       |       |       |       |       ||   286
         Headbutt          |    12 |    14 |    78 |   126 |   427 |   658 |   361 |   618 |   969 ||  3263
         Punch             |     1 |     1 |     4 |       |       |       |       |       |       ||     6
         Morningstar       |       |       |   306 |   558 |  1539 |  1882 |       |       |       ||  4285
         Demon whip        |       |       |       |       |       |   306 |  1110 |  1948 |  2700 ||  6064
         Staff             |       |       |       |       |       |       |       |    12 |       ||    12
  Throw: Throwing net      |       |     2 |     1 |       |       |       |       |       |       ||     3
         Dart              |       |       |    12 |    13 |       |       |       |       |       ||    25
         Javelin           |       |       |     1 |     1 |       |       |       |       |       ||     2
 Invoke: Banish            |       |       |       |    13 |    12 |    14 |       |       |       ||    39
         Brand Weapon With |       |       |       |       |       |     1 |       |       |       ||     1
  Evoke: Wand              |       |       |     8 |    11 |    23 |    13 |     3 |    12 |    18 ||    88
         Phantom mirror    |       |       |       |       |       |     3 |     3 |     4 |     3 ||    13
         Box of beasts     |       |       |       |       |       |     2 |     4 |     3 |     3 ||    12
         Tin of tremorston |       |       |       |       |       |       |     3 |     2 |     2 ||     7
    Use: Scroll            |       |     2 |     6 |     8 |    14 |    19 |     4 |     7 |    28 ||    88
         Potion            |       |     1 |     1 |     6 |     2 |     4 |     5 |     3 |    25 ||    47
   Stab: Sleeping          |     1 |       |       |       |       |       |       |       |       ||     1
         Held in net/web   |       |       |     1 |     1 |       |       |       |       |       ||     2
         Distracted        |       |       |       |       |     1 |     2 |     1 |     2 |     5 ||    11
         Paralysed         |       |       |       |       |       |     2 |       |       |       ||     2
 Armour: Leather armour    |    36 |     3 |       |       |       |       |       |       |       ||    39
         Chain mail        |       |    40 |   239 |    31 |       |       |       |       |       ||   310
         Plate armour      |       |       |       |   251 |   595 |   963 |   301 |   637 |   930 ||  3677
         Gold dragon scale |       |       |       |       |       |       |       |       |   322 ||   322
  Dodge: Dodged            |    89 |    31 |   157 |   268 |   529 |   661 |   267 |   311 |   418 ||  2731
  Block: Kite shield       |       |       |    37 |   303 |  1010 |  1913 |   622 |  1013 |   739 ||  5637
         Reflection        |       |       |       |       |    39 |    35 |    42 |    39 |    28 ||   183
         Tower shield      |       |       |       |       |       |       |       |       |  1122 ||  1122
